 Dungeon Crawl Stone Soup version 0.28-a0-664-gc179e30c89 (webtiles) character file.

Game seed: 17271411255966499661

781 Conn the Sneak (level 7, -7/43 HPs)
             Began as an Octopode Fire Elementalist on Oct 16, 2021.
             Mangled by a gnoll sergeant (11 damage)
             ... on level 5 of the Dungeon.
             The game lasted 00:15:35 (6103 turns).

Conn the Sneak (Octopode Fire Elementalist)         Turns: 6103, Time: 00:15:35

Health: -7/43      AC:  1    Str:  8    XL:     7   Next: 85%
Magic:  18/22      EV: 13    Int: 19    God:
Gold:   256        SH:  0    Dex: 12    Spells: 13/14 levels left

rFire   . . .      SeeInvis .   u - +2 short sword (freeze)
rCold   . . .      Faith    .   (no shield)
rNeg    . . .      Spirit   .   (helmet restricted)
rPois   .          Reflect  .   (no amulet)
rElec   .          Harm     .   k - ring of magical power
rCorr   .          Rampage  .   (no ring)
Will    .....                   (no ring)
Stlth   ++++......              (no ring)
HPRegen 0.14/turn               (no ring)
MPRegen 0.18/turn               (no ring)
                                (no ring)
                                (no ring)

@: no status effects
A: almost no armour, amphibious, 8 rings, camouflage 1, gelatinous body 1,
(nimble swimmer 1), tentacles
a: no special abilities


You were on level 5 of the Dungeon.
You visited 1 branch of the dungeon, and saw 5 of its levels.

You collected 256 gold pieces.

Inventory:

Hand Weapons
 h - a +0 dagger of flaming
 p - a +4 short sword
 u - a +2 short sword of freezing (weapon)
Missiles
 w - 12 poisoned darts
Magical Staves
 a - a staff of poison
Jewellery
 k - a ring of magical power (left tentacle)
 y - an amulet of guardian spirit
Wands
 g - a wand of digging (2)
 n - a wand of mindburst (21)
Scrolls
 d - 2 scrolls of teleportation
 e - 2 scrolls of blinking {unknown}
 j - a scroll of immolation {unknown}
 l - 2 scrolls of acquirement {unknown}
 o - a scroll of enchant armour {unknown}
 q - 5 scrolls of identify {unknown}
 s - a scroll of magic mapping {unknown}
Potions
 b - a potion of cancellation {unknown}
 f - 2 potions of flight {unknown}
 i - a potion of haste
 m - a potion of magic {unknown}
 r - a potion of resistance {unknown}
 t - 2 potions of heal wounds {unknown}
 v - a potion of invisibility {unknown}
 x - a potion of berserk rage {unknown}


   Skills:
 + Level 1.6 Fighting
 + Level 2.4 Short Blades
 + Level 1.3 Staves
 + Level 3.1 Dodging
 + Level 5.0 Stealth
 + Level 4.2 Spellcasting
 + Level 3.1 Conjurations
 + Level 4.8 Fire Magic


You had 13 spell levels left.
You knew the following spells:

 Your Spells              Type           Power      Damage    Failure   Level
a - Foxfire               Conj/Fire      76%        2x1d7     2%          1

Your spell library contained the following spells:

 Spells                   Type           Power      Damage    Failure   Level
 Scorch                   Fire           44%        2d7       2%          2
 Conjure Flame            Conj/Fire      19%        6-21      8%          3
 Static Discharge         Conj/Air       9%         N/A       11%         2
 Sandblast                Erth           6%         2d5       14%         1
 Inner Flame              Hex/Fire       13%        N/A       16%         3
 Passwall                 Tmut/Erth      2%         N/A       21%         2
 Stone Arrow              Conj/Erth      18%        3d8       22%         3
 Flame Wave               Conj/Fire      19%        3d5       26%         4
 Lightning Bolt           Conj/Air       4%         1d16      89%         5
 Maxwell's Capacitive Co  Air            1%         ∞         100%        8


Dungeon Overview and Level Annotations

Branches:
Dungeon (5/15)
 Temple: D:4-7

Altars:
Fedhas
Hepliaklqana
Qazlal

Shops:
D:2 [=?

Annotations:
D:3 hemabe71's ghost, amateur HuAr


Innate Abilities, Weirdness & Mutations

You cannot wear most types of armour.
You are amphibious.
You can wear up to eight rings at the same time.
Your skin changes colour to match your surroundings (Stealth+).
Your rubbery body absorbs attacks. (AC +1, EV +1)
((You are camouflaged near water. (Stealth+)))
You have tentacles for arms and can constrict up to eight enemies at once.


Message History

The gnoll sergeant is heavily wounded.
The foxfire hits the gnoll sergeant.
The gnoll sergeant is severely wounded.
The gnoll hits you from afar with a +0 spear.
The gnoll sergeant hits you with a +2 vorpal spear!
* * * LOW HITPOINT WARNING * * *
x2
Casting: Foxfire (safe; 2% risk of failure)
Confirm with . or Enter, or press ? or * to list all spells.
Okay, then.
Aiming: Mindburst
Press: ? - help, Shift-Dir - straight line, f - gnoll
Aim: a gnoll, wielding a +0 spear (chance to affect: 73%)
Okay, then.
Unknown command.
Unknown command.
Unknown command.
Aiming: Mindburst
Press: ? - help, Shift-Dir - straight line, f - gnoll sergeant
Aim: a gnoll sergeant, wielding a +2 vorpal spear and wearing a +0 scale mail (severely wounded, constricted by you, chance to affect: 65%)
Okay, then.
Unknown command.
You feel better.
You constrict the gnoll sergeant, but do no damage.
The gnoll hits you from afar with a +0 spear.
The gnoll sergeant hits you with a +2 vorpal spear!
* * * LOW HITPOINT WARNING * * *
x2
Okay, then.
Okay, then.
Unknown command.
Unknown command.
Unknown command.
Okay, then.
Unknown command.
Unknown command.
Unknown command.
Unknown command.
Unknown command.
You release your grip on the gnoll sergeant.
The gnoll sergeant hits you from afar with a +2 vorpal spear!
You die...

#.##.......#
#.##.......#
...#.......# #
#..#.>.....# #.
#..#.......#
#.#######..#.......#
#.....g.g..#.......# #
###..#####.#.......# ..
#
#.)#####gg.@.....###...
#
#..g...g###............
#
##.####.###............
# ...# #..g)..........#
# #.####
#####..........# #
#..........#
#..........#
#..........#
#..........######


You could see a gnoll sergeant and 2 gnolls.

Vanquished Creatures
  An ogre (D:2)
  A scorpion (D:5)
  A centaur zombie (D:4)
  2 orc priests (D:4)
  3 hounds
  Jessica (D:2)
  5 iguanas
  Natasha (thrice) (D:4)
  A hound skeleton (D:4)
  3 gnolls (D:5)
  8 adders
  A worm (D:3)
  5 dart slugs
  9 orcs
  7 ball pythons
  13 bats
  8 endoplasms
  4 giant cockroaches
  7 hobgoblins
  2 jackals (D:4)
  2 quokkas (D:2)
  7 frilled lizards
  10 goblins
  6 kobolds
  8 rats
  A spectral hobgoblin (D:4)
119 creatures vanquished.

Vanquished Creatures (others)
  346 foxfires
346 creatures vanquished.

Grand Total: 465 creatures vanquished

Notes
Turn   | Place    | Note
-------+----------+-------------------------------------------
     0 | D:1      | Conn the Octopode Fire Elementalist began the quest for the
                  | Orb.
     0 | D:1      | Reached XP level 1. HP: 11/11 MP: 3/3
   271 | D:1      | Reached XP level 2. HP: 12/17 MP: 0/5
   799 | D:1      | Reached XP level 3. HP: 8/21 MP: 2/6
  1144 | D:1      | Reached skill level 3 in Stealth
  1823 | D:2      | Noticed Jessica
  1846 | D:2      | Killed Jessica
  1847 | D:2      | Reached XP level 4. HP: 15/27 MP: 1/7
  2044 | D:2      | Found Minegak's Jewellery Shoppe.
  2050 | D:2      | Found a faded altar of an unknown god.
  2177 | D:2      | Found Poig Uleb's Antique Armour Shoppe.
  2289 | D:2      | Reached skill level 1 in Staves
  2296 | D:2      | Found a hazy altar of Hepliaklqana.
  2557 | D:2      | Found Itsir's Magic Scroll Shoppe.
  2591 | D:2      | You fall into a shaft and drop 1 floor!
  2870 | D:3      | Reached XP level 5. HP: 32/32 MP: 9/9
  3124 | D:2      | Noticed an ogre
  3228 | D:2      | Killed an ogre
  3229 | D:2      | Reached skill level 4 in Stealth
  3591 | D:2      | Reached skill level 1 in Fighting
  3591 | D:2      | Reached XP level 6. HP: 33/38 MP: 10/10
  3595 | D:2      | Reached skill level 1 in Short Blades
  3908 | D:3      | Found a stormy altar of Qazlal.
  4307 | D:3      | Found a runed translucent gate.
  4307 | D:3      | Found a runed translucent gate.
  4307 | D:3      | Found a runed translucent gate.
  4307 | D:3      | Noticed hemabe71's ghost (amateur HuAr)
  4564 | D:4      | Found a blossoming altar of Fedhas.
  4862 | D:4      | Reached XP level 7. HP: 43/43 MP: 12/12
  4908 | D:4      | Noticed Natasha
  4926 | D:4      | Killed Natasha
  5276 | D:4      | Noticed Natasha
  5284 | D:4      | Killed Natasha
  5507 | D:4      | Noticed Natasha
  5516 | D:4      | Killed Natasha
  5728 | D:4      | Found a hazy altar of Hepliaklqana.
  5796 | D:5      | Entered Level 5 of the Dungeon
  5947 | D:5      | Reached skill level 5 in Stealth
  6103 | D:5      | Mangled by a gnoll sergeant

Illustrated notes

Levels and vault maps discovered:
D:1:      sevenhm_arrival_forest_fort_small_3, layout_loops_ring,
          roderic_lattice_a
D:2:      minmay_wonky_spiral, layout_loops_ring,
          dreamdust_ecumenical_altar_statues, basic_altar, serial_shops, shop,
          shop, nicolae_shop_waterfront, uniq_jessica
D:3:      layout_rooms, mainiacjoe_overflow_brackets,
          gammafunk_ghost_necromancy, minmay_unequal
D:4:      layout_basic, nicolae_hepliaklqana_monster_ancestors,
          overflow_temple_1_default, uniq_natasha
D:5:      layout_basic, gup_sewer_entry_spiral

Skill      XL: |  1  2  3  4  5  6  7 |
---------------+----------------------+-----
Stealth        | 3 4 5 |  5.0
Staves         | 1 |  1.3
Conjurations   | 2 3 |  3.1
Spellcasting   | 3 4 |  4.2
Fighting       | 1 |  1.6
Short Blades   | 2 |  2.4
Fire Magic     | 4 |  4.8
Dodging        | 3 |  3.1

Action                   |  1- 3 |  4- 6 |  7- 9 || total
-------------------------+-------+-------+-------++-------
Melee: Staff             |    37 |       |       ||    37
       Constrict         |     9 |    11 |     9 ||    29
       Tentacles         |     8 |     5 |     7 ||    20
       Dagger            |       |    34 |       ||    34
       Short sword       |       |    26 |    24 ||    50
 Cast: Foxfire           |    55 |    93 |    55 ||   203
Evoke: Wand              |       |     1 |       ||     1
  Use: Scroll            |       |     1 |       ||     1
       Potion            |       |       |     3 ||     3
 Stab: Sleeping          |     4 |    11 |     3 ||    18
Armor: Skin              |     1 |     7 |       ||     8
Dodge: Dodged            |    23 |    51 |    10 ||    84

Table legend: (Time is in decaauts)
 A = Elapsed time spent in this place.
 B = Non-inter-level travel time spent in this place.
 C = Inter-level travel time spent in this place.
 D = Time resting spent in this place.
 E = Time spent auto-exploring this place.
 F = Levels seen in this place.
 G = Mean time per level.
                   A        B        C        D        E       F      G
               +--------+--------+--------+--------+--------+-----+--------+
         Total |   6089 |   6058 |     31 |      0 |   4649 |   5 | 1217.8 |
       Dungeon |   6089 |   6058 |     31 |      0 |   4649 |   5 | 1217.8 |
               +--------+--------+--------+--------+--------+-----+--------+

Top non-repeatable levels by time:
     D:2: 1814 daAuts
     D:1: 1730 daAuts
     D:4: 1221 daAuts
     D:3: 1015 daAuts
     D:5: 306 daAuts
